Description

ZvZ Grandmaster build lots of lings & banes

Build Order

Get SALT Encoding   

  13  0:00  Drone  
  14  0:08  Drone  
  14  0:16  Drone  
  15  0:22  Overlord  
  16  0:40  Drone x2  
  16  0:52  Hatchery  
  17  0:54  Drone  
  18  0:57  Drone  
  17  1:00  Extractor  
  16  1:13  Spawning Pool  
  17  1:16  Drone  
  18  1:21  Drone  
  19  1:31  Drone  
  19  1:41  Overlord  
  21  2:01  Queen  
  22  2:02  Zergling x4  
  25  2:04  Drone, Queen  
  26  2:09  Metabolic Boost  
  27  2:14  Drone  
  28  2:15  Drone  
  29  2:25  Drone x2  
  29  2:32  Baneling Nest  
  30  2:35  Drone  
  31  2:37  Drone  
  30  2:47  Hatchery  
  31  2:52  Zergling x4  
  32  2:56  Overlord  
  33  3:04  Drone  
  34  3:10  Drone  
  34  3:12  Overlord  
  34  3:17  Baneling  
Spawning Tool Build Advisor. Get it on Overwolf

Go to:

Details

  • Created by: sackzii
  • Published on: Feb 04, 2017
  • Modified on: Feb 04, 2017
  • Patch: 3.8.0
Show
View Real Time Build Order
Export as new Build Order

Comments (0)

There are no comments. Be the first!

Create an account to comment!